 Dungeon Crawl Stone Soup version 0.20-a0-1058-g0491fde (webtiles) character file.

886 uglyjohn the Digger (level 8, 0/41 HPs)
             Began as a Gargoyle Earth Elementalist on Apr 17, 2017.
             Slain by taynancid's ghost (10 damage)
             ... on level 4 of the Dungeon on Apr 26, 2017.
             The game lasted 00:21:25 (6525 turns).

uglyjohn the Digger (Gargoyle Earth Elementalist)   Turns: 6525, Time: 00:21:26

Health: 0/41       AC:  8    Str: 13    XL:     8   Next: 5%
Magic:  2/13       EV: 12    Int: 17    God:
Gold:   182        SH:  0    Dex: 10    Spells: 10/14 levels left

rFire    . . .     SeeInvis .   b - +3 falchion (freeze)
rCold    . . .     Gourm    .   (no shield)
rNeg     + . .     Faith    .   c - +1 robe
rPois    ∞         Spirit   .   (no helmet)
rElec    +         Reflect  .   (no cloak)
rCorr    .         Harm     .   (no gloves)
MR       .....                  (no boots)
Stlth    ++........             u - amulet of magic regeneration
Regen    0.2/turn               r - ring of flight
MPRegen  0.2/turn               (no ring)

@: no status effects
A: negative energy resistance 1, electricity resistance, unbreathing,
petrification resistance, rot immunity, AC +5
a: Evoke Flight


You were on level 4 of the Dungeon.
You were hungry.

You visited 1 branch of the dungeon, and saw 4 of its levels.
You also visited: Sewer.

You collected 182 gold pieces.

Inventory:

Hand Weapons
 b - a +3 falchion of freezing (weapon)
 h - a +0 club
 k - a +0 whip
Armour
 a - a scarf of repulsion
 c - a +1 robe (worn)
Jewellery
 r - a ring of flight (left hand)
 u - an amulet of magic regeneration (around neck)
Wands
 y - a wand of iceblast (11/15)
Scrolls
 m - 2 scrolls of identify
 o - a scroll of enchant armour
 q - 4 scrolls of teleportation
 s - a scroll of remove curse
 w - a scroll of noise {unknown}
Potions
 g - a potion of magic {unknown}
 i - 3 potions of curing {unknown}
 l - a potion of ambrosia {unknown}
 n - a potion of degeneration {unknown}
 p - 2 potions of flight {unknown}
 v - 2 potions of heal wounds {unknown}
 x - 2 potions of resistance {unknown}
 z - a potion of agility {unknown}
Books
 e - a book of Geomancy

   Spells                             Type                      Level
   a - Sandblast                      Earth                        1
   b - Passwall                       Transmutation/Earth          2
   c - Stone Arrow                    Conjuration/Earth            3
   d - Petrify                        Transmutation/Earth          4
   e - Lee's Rapid Deconstruction     Earth                        5
Comestibles
 d - 3 bread rations
 f - 2 royal jellies
 j - 2 meat rations
 t - 2 fruits


   Skills:
 - Level 1.5 Dodging
 - Level 2.1 Stealth
 + Level 3.8 Spellcasting
 + Level 6.1 Conjurations
   Level 0.7 Transmutations
 - Level 7.6 Earth Magic


You had 10 spell levels left.
You knew the following spells:

 Your Spells              Type           Power        Failure   Level  Hunger
a - Sandblast             Erth           ####..       1%          1    None
b - Stone Arrow           Conj/Erth      ####..       2%          3    ###....


Dungeon Overview and Level Annotations

Branches:
Dungeon (4/15)
 Temple: D:4-7

Altars:
Makhleb
Xom

Shops:
D:4 (

Annotations:
D:4 taynancid's ghost, amateur GrFi


Innate Abilities, Weirdness & Mutations

You are resistant to torment.
Your stone body is resilient. (AC +5)
You are immune to poison.
You resist negative energy. (rN+)
You are resistant to electric shocks. (rElec)
You can survive without breathing.
You are immune to petrification.
You are immune to rotting.


Message History

Taynancid's ghost is lightly damaged.
Casting: Stone Arrow
Confirm with . or Enter, or press ? or * to list all spells.
Aiming: Stone Arrow
Press: ? - help, Shift-Dir - straight line, f/p - taynancid's ghost
Aim: taynancid's ghost (lightly damaged)
The stone arrow hits taynancid's ghost.
Taynancid's ghost is moderately damaged.
Taynancid's ghost completely misses you.
You hit taynancid's ghost but do no damage.
Taynancid's ghost is moderately damaged.
Taynancid's ghost misses you. Taynancid's ghost hits you!
You hit taynancid's ghost but do no damage.
Taynancid's ghost is moderately damaged.
Taynancid's ghost hits you!
* * * LOW HITPOINT WARNING * * *
You hit taynancid's ghost but do no damage.
Taynancid's ghost is moderately damaged.
Taynancid's ghost hits you!
You die...

.(.#####[##.# #.# #.#
.......#<##.# #.# #.#
...###.#.##.# #.# #.#
..## #.#.#..####.###.#
.## ##....#..........##
.####.#..###..........#
.....###..#.####.####.#
#####.#..#.## #W# #.# #
##.#.#.# #@####.###
#.#.#.#####.##.....#
#.#.........##.#.#.###
#......#######.#.....#
#.###..# #.###.#.#
######.# ##.# #.....#†#
.......# #.# #######.#
######## #.# #.#
#.##### #.#


You could see taynancid's ghost.

Vanquished Creatures
  Grinder (D:3)
  Menkaure (D:4)
  A bullfrog (Sewer)
  3 hounds (D:4)
  An orc priest (D:4)
  2 worker ants (D:4)
  A hound skeleton (D:4)
  12 adders
  13 oozes (Sewer)
  4 worms
  2 dart slugs
  13 leopard geckos
  8 orcs
  13 ball pythons
  6 giant cockroaches
  4 goblins
  8 hobgoblins
  14 jackals
  5 kobolds
  A quokka (D:4)
  3 bats
  11 frilled lizards
  15 rats
142 creatures vanquished.

Notes
Turn   | Place    | Note
-------+----------+-------------------------------------------
     0 | D:1      | uglyjohn the Gargoyle Earth Elementalist began the quest for the Orb.
     0 | D:1      | Reached XP level 1. HP: 10/10 MP: 3/3
    47 | D:1      | Reached skill level 4 in Earth Magic
   435 | D:1      | Reached XP level 2. HP: 9/15 MP: 5/5
   987 | D:1      | Upgraded the game from 0.20-a0-1018-ge435b50 to 0.20-a0-1025-g4706f7e
  1007 | D:1      | Reached XP level 3. HP: 19/19 MP: 4/6
  1027 | D:1      | Reached skill level 5 in Earth Magic
  1801 | D:2      | Reached XP level 4. HP: 24/24 MP: 5/7
  1915 | D:2      | Learned a level 3 spell: Stone Arrow
  2212 | D:2      | Reached skill level 6 in Earth Magic
  2725 | D:3      | Noticed Grinder
  2730 | D:3      | Killed Grinder
  2730 | D:3      | Reached skill level 7 in Earth Magic
  2730 | D:3      | Reached XP level 5. HP: 28/28 MP: 3/8
  2730 | D:3      | Reached XP level 6. HP: 32/32 MP: 3/9
  3114 | D:3      | Found a glowing drain.
  3148 | Sewer    | Entered a sewer
  4233 | Sewer    | Reached XP level 7. HP: 34/36 MP: 10/10
  4602 | Sewer    | Upgraded the game from 0.20-a0-1025-g4706f7e to 0.20-a0-1058-g0491fde
  4835 | D:3      | Found a shimmering altar of Xom.
  5044 | D:3      | Found a burning altar of Makhleb.
  5045 | D:3      | Noticed a blizzard demon
  5243 | D:4      | Reached skill level 5 in Conjurations
  5614 | D:4      | Noticed taynancid's ghost (amateur GrFi)
  6223 | D:4      | Noticed Menkaure
  6236 | D:4      | Killed Menkaure
  6376 | D:4      | Reached XP level 8. HP: 41/41 MP: 6/13
  6477 | D:4      | Found Amudobem's Weapon Boutique.
  6525 | D:4      | Slain by taynancid's ghost

Vault maps used:
D:1:      lemuel_arrival_lava_pool
D:3:      xom_teletrap_fun, portal_sewer_entry_c, first_bread,
          makhleb_altar_promises_db, uniq_grinder
D:4:      serial_shops, kennysheep_mini_moat, uniq_menkaure
Sewer:    sewer_frog_island_02

Skill      XL: |  1  2  3  4  5  6  7 |
---------------+----------------------+-----
Earth Magic    | 4 5 7 |  7.6
Conjurations   | 3 4 6 |  6.1
Spellcasting   | 3 |  3.8
Dodging        | |  1.5
Stealth        | |  2.1
Transmutations | |  0.7

Action                   |  1- 3 |  4- 6 |  7- 9 || total
-------------------------+-------+-------+-------++-------
Melee: Club              |    16 |       |       ||    16
       Unarmed           |    14 |       |       ||    14
       Whip              |   108 |   267 |   126 ||   501
       Falchion          |       |       |     8 ||     8
 Cast: Sandblast         |    19 |    31 |     9 ||    59
       Stone Arrow       |       |       |    41 ||    41
  Use: Scroll            |     1 |     7 |       ||     8
       Potion            |     1 |       |       ||     1
 Stab: Sleeping          |     1 |     2 |       ||     3
  Eat: Chunk             |     3 |     7 |    11 ||    21
       Royal jelly       |       |     1 |       ||     1
Armor: Robe              |    57 |   134 |    80 ||   271
Dodge: Dodged            |   145 |   252 |   124 ||   521
       Rpst.: Falchion   |       |       |     4 ||     4
